 Dungeon Crawl Stone Soup version 0.29.1-12-g30fa7ad0bf (webtiles) character file.

Game seed: 1979510327389964677

1159 croobank the Conjurer (level 8, 0/58 HPs)
             Began as a Demonspawn Conjurer on Dec 17, 2022.
             Slain by an ancient zyme (8 damage)
             ... on level 2 of the Abyss.
             The game lasted 00:24:06 (7685 turns).

croobank the Conjurer (Demonspawn Conjurer)         Turns: 7685, Time: 00:24:07

Health: 0/58       AC: 11    Str:  5 (7)  XL:     8   Next: 16%
Magic:  14/14      EV: 12    Int: 21 (22) God:
Gold:   342        SH:  0    Dex: 10 (12) Spells: 9/15 levels left

rFire   . . .      SeeInvis .   l - +1 whip (elec)
rCold   . . .      Faith    .   (no shield)
rNeg    . . .      Spirit   .   a - +0 robe
rPois   .          Reflect  .   (helmet restricted)
rElec   .          Harm     .   (no cloak)
rCorr   .          Rampage  .   e - +2 pair of gloves
Will    .....                   (no boots)
Stlth   +.........              (no amulet)
HPRegen 0.00/turn               (no ring)
MPRegen 0.14/turn               (no ring)

@: confused, ambrosia-drunk, sanguine armoured, sick, slowed, very slow
A: antennae 2, ignite blood 1, sanguine armour 1
a: no special abilities


You were on level 2 of the Abyss.
You visited 1 branch of the dungeon, and saw 5 of its levels.
You visited the Abyss 1 time.

You collected 342 gold pieces.

Inventory:

Hand Weapons
 g - a +1 short sword
 l - a +1 whip of electrocution (weapon)
 v - a +0 morningstar of pain
Missiles
 m - 5 curare-tipped darts (quivered)
Armour
 a - a +0 robe (worn)
 b - a +0 leather armour
 e - a +2 pair of gloves (worn)
 j - a +0 ring mail
Wands
 d - a wand of flame (9)
 o - a wand of charming (10)
Scrolls
 f - 2 scrolls of magic mapping
 w - a scroll of enchant armour
Potions
 h - 2 potions of berserk rage
 i - 2 potions of lignification
 q - a potion of curing
 u - a potion of resistance {unknown}


   Skills:
 * Level 3.3 Fighting
 + Level 2.0 Maces & Flails
 * Level 3.8 Dodging
 * Level 4.2 Stealth
 * Level 4.0 Spellcasting
 * Level 5.6 Conjurations
 * Level 3.3 Hexes


You had 9 spell levels left.
You knew the following spells:

 Your Spells              Type           Power      Damage    Failure   Level
a - Magic Dart            Conj           100%       1d8       1%          1
b - Searing Ray           Conj           54%        2d6       1%          2
c - Dazzling Flash        Conj/Hex       46%        N/A       5%          3

Your spell library contained the following spells:

 Spells                   Type           Power      Damage    Failure   Level
 Fulminant Prism          Conj/Hex       11%        3d9       19%         4
 Iskenderun's Battlesphe  Conj           27%        2d8       32%         5
 Hailstorm                Conj/Ice       16%        3d6       36%         4
 Iskenderun's Mystic Bla  Conj/Tloc      16%        2d5       36%         4
 Irradiate                Conj/Tmut      8%         3d14      71%         5


Dungeon Overview and Level Annotations

Branches:
Dungeon (5/15)
 Temple: D:4-7

Altars:
Okawaru
Wu Jian

Shops:
D:1 (   D:5 [

Annotations:
D:2 1 runed translucent door, Crazy Yiuf


Innate Abilities, Weirdness & Mutations

You have a pair of antennae on your head.
Your demonic aura sometimes causes spilled blood to erupt in flames.
When seriously injured, your blood forms armour. (AC +6)


Message History

A crimson imp comes into view.
The crimson imp shouts!
You hear a shout!
Something barely misses you.
A white imp comes into view.
Something shouts, "Take thy face hence, thou pandering nut-hook blabberskite!"
Something hits you. Something drains your vigour!
You feel yourself slow down.
Deactivating autopickup; reactivate with Ctrl-A.
A white imp and a small abomination come into view.
The white imp shouts!
You hear a shout!
Something shouts, "Take thy face hence, thou pecksniffian dread-bolted bounder!"
Are you sure you want to abandon this character and quit the game? (Confirm with "yes".)
Okay, then.
You feel better. The white imp gestures at you.
The puff of frost hits you but does no damage.
Something hits you! Something drains your vigour!
You feel as though you will be slow longer.
You swing at nothing.
Something hits you but does no damage.
The white imp laughs crazily.
The white imp gestures at you. The puff of frost misses you.
You hear a sizzling sound!
You feel ill.
The crimson imp blinks!
The white imp gestures at you. The puff of frost hits you. Something hits you!
* * * LOW HITPOINT WARNING * * *
Okay, then.
It was a potion of degeneration.
There was something very wrong with that liquid.
You feel weakened.
You feel dopey.
You feel clumsy. Something hits you but does no damage.
You feel ill.
It was a potion of ambrosia.
You are confused.
You feel invigorated.
The small abomination barely misses you.
The white imp gestures at you. The puff of frost misses you.
Something hits you but does no damage.
A white imp comes into view.
The ancient zyme hits you!
You die...

.≈≈≈≈~≈5≈≈.....
.......§.......
.........5.#...#
...#...............
......§......#.....
.....§....5§5.##.#..
............5x......
...#.......{@#.....§
.............x...§...#
.....#.....§..........
..# .... #........§..§..
. ...........§.....#.§..
.....##.........##....
...............§.#......
.#... ..................
.....#...............


You could see an ancient zyme, a small abomination, a crimson imp and 4 white
imps.

Vanquished Creatures
  Pikel (D:4)
  Sigmund (D:4)
  A centaur (D:5)
  A hound (D:3)
  An orc priest (D:3)
  2 iguanas (D:4)
  Natasha (thrice) (D:3)
  Robin (D:4)
  11 gnolls
  5 adders
  2 worms (D:3)
  4 dart slugs
  9 orcs
  9 ball pythons
  4 bats
  5 endoplasms
  3 giant cockroaches
  21 goblins
  10 hobgoblins
  8 quokkas
  3 frilled lizards
  11 kobolds
  7 rats
123 creatures vanquished.

Notes
Turn   | Place    | Note
-------+----------+-------------------------------------------
     0 | D:1      | croobank the Demonspawn Conjurer began the quest for the
                  | Orb.
     0 | D:1      | Reached XP level 1. HP: 13/13 MP: 3/3
    61 | D:1      | Found a faded altar of an unknown god.
   420 | D:1      | Gained mutation: When seriously injured, your blood forms
                  | armour. (AC +6) [demonic ancestry]
   420 | D:1      | Reached XP level 2. HP: 19/19 MP: 1/5
   466 | D:1      | Learned a level 2 spell: Searing Ray
   492 | D:1      | Found Ostrut's Weapon Shop.
  1531 | D:2      | Reached XP level 3. HP: 4/24 MP: 3/6
  1535 | D:2      | Learned a level 3 spell: Dazzling Flash
  2292 | D:2      | Found a runed translucent door.
  2293 | D:2      | Noticed Crazy Yiuf
  2712 | D:3      | Reached XP level 4. HP: 31/31 MP: 1/7
  3020 | D:3      | Noticed Natasha
  3023 | D:3      | Killed Natasha
  3024 | D:3      | Reached skill level 1 in Fighting
  3257 | D:3      | Got Yllen's Papyrus of Damage Dealing
  3331 | D:3      | Reached XP level 5. HP: 35/37 MP: 6/9
  3422 | D:3      | Identified the +0 hand axe of Pain and Death {venom, Str+3
                  | Int+3}
  3493 | D:3      | Reached skill level 1 in Hexes
  3574 | D:3      | Noticed Natasha
  3588 | D:3      | Killed Natasha
  3625 | D:3      | Noticed Natasha
  3642 | D:3      | Killed Natasha
  3643 | D:3      | Reached skill level 1 in Maces & Flails
  4264 | D:3      | Gained mutation: You have a pair of small antennae on your
                  | head. [demonic ancestry]
  4264 | D:3      | Reached XP level 6. HP: 44/44 MP: 7/10
  4710 | D:3      | Found an iron altar of Okawaru.
  4837 | D:4      | Noticed Robin
  5568 | D:4      | Noticed Pikel
  5590 | D:4      | Killed Pikel
  5591 | D:4      | Reached skill level 5 in Conjurations
  5591 | D:4      | Gained mutation: You have a pair of antennae on your head.
                  | [demonic ancestry]
  5591 | D:4      | Reached XP level 7. HP: 13/51 MP: 1/12
  5951 | D:4      | Killed Robin
  6168 | D:4      | Noticed Sigmund
  6203 | D:4      | Killed Sigmund
  6551 | D:4      | Gained mutation: Your demonic aura sometimes causes spilled
                  | blood to erupt in flames. [demonic ancestry]
  6551 | D:4      | Reached XP level 8. HP: 58/58 MP: 9/13
  7149 | D:5      | Entered Level 5 of the Dungeon
  7311 | D:5      | Found an ornate altar of the Wu Jian Council.
  7361 | D:5      | Found Jyshoudebu's Armour Shoppe.
  7436 | Abyss:1  | Cast into level 1 of the Abyss (gnoll sergeant)
  7453 | Abyss:1  | Found a corrupted altar of Lugonu.
  7460 | Abyss:1  | Found a corrupted altar of Lugonu.
  7460 | Abyss:1  | Found a corrupted altar of Lugonu.
  7461 | Abyss:1  | Noticed a brown ugly thing
  7536 | Abyss:1  | Found a corrupted altar of Lugonu.
  7606 | Abyss:1  | Noticed a thrashing horror
  7609 | Abyss:1  | Noticed an ancient zyme
  7611 | Abyss:1  | Noticed a wretched star
  7613 | Abyss:1  | Noticed a rust devil
  7613 | Abyss:1  | Noticed a worldbinder
  7615 | Abyss:1  | Noticed a raiju
  7621 | Abyss:1  | Noticed a wretched star
  7633 | Abyss:1  | Noticed a great orb of eyes
  7643 | Abyss:2  | Found an iron altar of Okawaru.
  7666 | Abyss:2  | Noticed an ancient zyme
  7685 | Abyss:2  | Slain by an ancient zyme

Illustrated notes

Levels and vault maps discovered:
D:1:      onia_arrival_pyramid, layout_loops_ring,
          shapermc_ecumenical_altar_venn, serial_shops, nicolae_diamond_shop,
          minmay_misc_feat_nine_boxes
D:2:      layout_loops_ring, uniq_crazy_yiuf_cottage
D:3:      minmay_razor_zed, layout_loops_corners, okawaru_altar_gauntlet_db,
          hangedman_decor_peaks_small, uniq_natasha
D:4:      layout_layer_cave, uniq_robin, uniq_sigmund, uniq_pikel
D:5:      layout_basic, nicolae_wu_jian_immortal_techniques, serial_shops,
          nicolae_shop_trees, hangedman_abyss_or_decor_lesser_grid,
          kennysheep_generic_room_14, uniq_edmund
Abyss:2:  guppyfry_abyss_exit_imp_island

Skill      XL: |  1  2  3  4  5  6  7  8 |
---------------+-------------------------+-----
Dodging        | 2 3 |  3.8
Stealth        | 2 3 4 |  4.2
Fighting       | 1 2 3 |  3.3
Hexes          | 1 2 3 |  3.3
Maces & Flails | 1 2 |  2.0
Spellcasting   | 3 4 |  4.0
Conjurations   | 5 |  5.6

Action                   |  1- 3 |  4- 6 |  7- 9 || total
-------------------------+-------+-------+-------++-------
Melee: Unarmed           |     7 |       |       ||     7
       Short sword       |     5 |    63 |       ||    68
       Whip              |       |       |    49 ||    49
Throw: Throwing net      |       |     1 |     2 ||     3
       Dart              |       |       |     1 ||     1
 Cast: Magic Dart        |    32 |    30 |    11 ||    73
       Searing Ray       |    23 |    27 |    13 ||    63
       Dazzling Flash    |       |     2 |     2 ||     4
  Use: Potion            |     1 |     1 |     8 ||    10
       Scroll            |       |     9 |     3 ||    12
 Stab: Sleeping          |     4 |    11 |     1 ||    16
       Invisible         |       |       |     1 ||     1
Armor: Robe              |     6 |    26 |    27 ||    59
       Skin              |       |       |     4 ||     4
Dodge: Dodged            |    11 |    67 |    48 ||   126
